 Dungeon Crawl Stone Soup version 0.22.1-1-ga44c0e5 (webtiles) character file.

13777 Fang the Cleaver (level 12, -3/77 HPs)
             Began as a Gargoyle Berserker on Sept 26, 2018.
             Was a High Priest of Trog.
             Slain by a blink frog (7 damage)
             ... on level 1 of the Lair of Beasts.
             The game lasted 00:16:27 (12676 turns).

Fang the Cleaver (Gargoyle Berserker)              Turns: 12676, Time: 00:16:27

Health: -3/77      AC: 16    Str: 26    XL:     12   Next: 9%
Magic:  12/12      EV: 15    Int:  8    God:    Trog [*****.]
Gold:   628        SH:  0    Dex:  9    Spells: 11/11 levels left

rFire    . . .     SeeInvis .   a - +2 hand axe
rCold    . . .     Gourm    .   (no shield)
rNeg     + . .     Faith    .   b - +1 animal skin
rPois    ∞         Spirit   .   j - +2 helmet
rElec    +         Reflect  .   (no cloak)
rCorr    .         Harm     .   (no gloves)
MR       .....                  (no boots)
Stlth    ++++......             (no amulet)
HPRegen  0.22/turn              d - +1 ring of protection
MPRegen  0.13/turn              q - ring of stealth

@: berserk cooldown, slowed, very slow
A: negative energy resistance 1, electricity resistance, unbreathing,
petrification resistance, rot immunity, AC +8
a: Berserk, Trog's Hand, Brothers in Arms, Renounce Religion


You were on level 1 of the Lair of Beasts.
You worshipped Trog.
Trog was extremely pleased with you.
You were near starving.

You visited 3 branches of the dungeon, and saw 13 of its levels.

You collected 628 gold pieces.

Inventory:

Hand Weapons
 a - a +2 hand axe (weapon)
Armour
 b - a +1 animal skin (worn)
 j - a +2 helmet (worn)
Jewellery
 d - a +1 ring of protection (left hand)
 n - an uncursed ring of positive energy
 q - a ring of stealth (right hand)
 v - an uncursed ring of ice
Wands
 h - a wand of disintegration (18)
 k - a wand of clouds (8)
 o - a wand of paralysis (10)
 z - a wand of polymorph (11)
Scrolls
 f - 12 scrolls of teleportation
 p - a scroll of enchant armour
 t - 5 scrolls of remove curse
 w - a scroll of summoning
Potions
 e - 2 potions of mutation
 g - 2 potions of curing
 i - 2 potions of flight
 l - 2 potions of haste
 m - 2 potions of cancellation
 r - a potion of lignification
 s - 2 potions of heal wounds
 u - a potion of brilliance
 x - a potion of resistance
 A - 2 potions of invisibility
 B - a potion of magic {unknown}
 F - 2 potions of might
Comestibles
 c - 27 rations


   Skills:
 + Level 10.1 Fighting
 + Level 12.2 Axes
 + Level 2.2 Armour
 + Level 7.9 Dodging
 + Level 7.1 Stealth


You had 11 spell levels left.
You didn't know any spells.
Your spell library was empty.

Dungeon Overview and Level Annotations

Branches:
Dungeon (11/15)            Temple (1/1) D:7            Lair (1/6) D:11
    Orc (0/2) D:10

Altars:
Ashenzari
Fedhas
Hepliaklqana
Okawaru
Ru
Vehumet
Yredelemnul

Shops:
D:4 *   D:6 *   D:8 (   D:11 ?


Innate Abilities, Weirdness & Mutations

You are resistant to torment.
Your stone body is resilient. (AC +8)
You are immune to poison.
You resist negative energy. (rN+)
You are resistant to electric shocks. (rElec)
You can survive without breathing.
You are immune to petrification.
You are immune to rotting.


Message History

You slice the blink frog!!
You kill the blink frog!
Trog accepts your kill.
The blink frog blinks!
You slash the blink frog!
The blink frog is moderately wounded.
Unknown command.
You slash the blink frog!
The blink frog is severely wounded.
You are no longer berserk.
You are exhausted.
You feel yourself slow down.
The blink frog blinks!
Unknown command.
The blink frog hits you!
* * * LOW HITPOINT WARNING * * *
The blink frog blinks!
You see here a blink frog corpse.
Unknown command.
The blink frog blinks!
The blink frog hits you!
You die...

#. #.### ##.#.## ##
#...... .#
#...P.##.## .#
#...#.F#..#..##
#...#>§@.......
######...#.††.......
.......<§F.##..#.P##
######...### .## ##
#...# .# #....# .P
#P.#.## .# ##...# ..
#.#.. ..


You could see 2 blink frogs.

Vanquished Creatures
  3 two-headed ogres
  2 ugly things (D:10)
  Maurice (D:8)
  A centaur zombie (D:11)
  A komodo dragon (D:11)
  A tengu conjurer (D:11)
  A hornet (D:11)
  2 blink frogs (Lair:1)
  2 hippogriffs
  A meliai zombie (D:11)
  Sigmund (D:6)
  A spriggan (D:7)
  A wraith (D:11)
  19 yaks
  A steam dragon (D:9)
  A water moccasin (D:9)
  A sky beast (D:10)
  An orc warrior (D:11)
  2 ice beasts
  3 black bears
  A hornet zombie (D:9)
  A phantom (D:11)
  6 ogres
  5 centaurs (D:11)
  An elf zombie (D:6)
  2 big kobolds
  An elf skeleton (D:6)
  10 bullfrogs
  8 killer bees
  9 wights (D:6)
  3 howler monkeys
  8 crimson imps
  A bullfrog zombie (D:6)
  3 hounds
  3 jellies
  3 bullfrog skeletons
  3 orc priests
  A centaur skeleton (D:4)
  3 iguanas
  9 orc wizards
  6 worker ants
  2 human skeletons (D:6)
  A howler monkey zombie (D:6)
  2 worker ant zombies
  A gnoll (D:9)
  10 adders
  2 shadow imps
  2 worms
  A dart slug (D:1)
  6 leopard geckos
  38 orcs
  6 giant cockroaches
  9 goblins
  3 hobgoblins
  3 jackals (D:5)
  18 kobolds
  4 quokkas
  A ball python (D:2)
  4 bats
  4 frilled lizards
  A jackal zombie (D:6)
  A leopard gecko skeleton (D:5)
  2 orc skeletons (D:6)
  6 rats
  A plant (D:11)
261 creatures vanquished.

Vanquished Creatures (collateral kills)
  A tengu warrior (D:10)
  A troll (D:9)
2 creatures vanquished.

Vanquished Creatures (others)
  A centaur (D:11)
  A leopard gecko (D:9)
  An orc (D:9)
  3 plants (D:11)
6 creatures vanquished.

Grand Total: 269 creatures vanquished

Notes
Turn   | Place    | Note
-------+----------+-------------------------------------------
     0 | D:1      | Fang the Gargoyle Berserker began the quest for the Orb.
     0 | D:1      | Reached XP level 1. HP: 14/14 MP: 1/1
   208 | D:1      | Reached XP level 2. HP: 19/19 MP: 2/2
   360 | D:1      | Reached skill level 3 in Axes
   444 | D:2      | Found a radiant altar of Vehumet.
   677 | D:2      | Reached XP level 3. HP: 24/24 MP: 3/3
   819 | D:2      | Reached ** piety under Trog
  1725 | D:3      | Found a shattered altar of Ashenzari.
  1731 | D:3      | Found a hazy altar of Hepliaklqana.
  2197 | D:4      | Found Qotaxube's Assorted Antiques.
  2197 | D:4      | Noticed an ogre
  2206 | D:4      | Killed an ogre
  2206 | D:4      | Reached skill level 4 in Axes
  2206 | D:4      | Reached skill level 1 in Stealth
  2206 | D:4      | Reached XP level 4. HP: 23/29 MP: 4/4
  2206 | D:4      | Reached XP level 5. HP: 26/33 MP: 5/5
  2434 | D:4      | Noticed an ogre
  2441 | D:4      | Killed an ogre
  2441 | D:4      | Reached XP level 6. HP: 22/39 MP: 6/6
  2976 | D:3      | Reached skill level 5 in Axes
  3519 | D:5      | Entered Level 5 of the Dungeon
  3536 | D:5      | Reached XP level 7. HP: 40/44 MP: 7/7
  4419 | D:6      | Reached skill level 6 in Axes
  4425 | D:6      | Reached skill level 5 in Fighting
  4534 | D:6      | Reached XP level 8. HP: 46/49 MP: 8/8
  4588 | D:6      | Noticed Sigmund
  4594 | D:6      | Killed Sigmund
  4640 | D:6      | Reached *** piety under Trog
  4672 | D:6      | Reached skill level 7 in Axes
  4982 | D:6      | HP: 2/76 [bullfrog (6)]
  5481 | D:6      | Found Qutod's General Store.
  6060 | D:6      | Reached skill level 8 in Axes
  6060 | D:6      | Reached XP level 9. HP: 53/55 MP: 9/9
  6451 | D:7      | Found a staircase to the Ecumenical Temple.
  6463 | Temple   | Entered the Ecumenical Temple
  6917 | D:8      | Found a basalt altar of Yredelemnul.
  6952 | D:8      | Found a blossoming altar of Fedhas.
  6972 | D:8      | Found Naroomn's Weapon Boutique.
  7092 | D:8      | Found a sacrificial altar of Ru.
  7204 | D:8      | Noticed Maurice
  7222 | D:8      | Killed Maurice
  7501 | D:8      | Reached skill level 5 in Stealth
  7632 | D:8      | Reached skill level 9 in Axes
  7632 | D:8      | Reached skill level 5 in Dodging
  7917 | D:9      | Reached XP level 10. HP: 38/63 MP: 10/10
  7917 | D:9      | Reached **** piety under Trog
  8199 | D:9      | Reached skill level 10 in Axes
  8884 | D:9      | Noticed a two-headed ogre
  8887 | D:9      | Found an iron altar of Okawaru.
  8898 | D:9      | Killed a two-headed ogre
  9023 | D:9      | Noticed a two-headed ogre
  9036 | D:9      | Killed a two-headed ogre
  9348 | D:10     | Entered Level 10 of the Dungeon
  9413 | D:10     | Reached XP level 11. HP: 69/69 MP: 11/11
  9523 | D:10     | Found a staircase to the Orcish Mines.
  9540 | D:10     | Noticed a cyan ugly thing
  9557 | D:10     | Killed a cyan ugly thing
  9564 | D:10     | Reached skill level 11 in Axes
 10416 | D:11     | Noticed a tengu warrior
 10433 | D:10     | HP: 1/71 [tengu warrior/great sword[a tengu conjurer] (3)]
 10442 | D:10     | Killed a tengu warrior
 10919 | D:11     | Noticed a brown ugly thing
 10945 | D:10     | Killed a brown ugly thing
 10945 | D:10     | Reached ***** piety under Trog
 11225 | D:11     | Found Kofeuc Sill's Magic Scroll Boutique.
 11324 | D:11     | Noticed a two-headed ogre
 11339 | D:11     | Killed a two-headed ogre
 11753 | D:11     | Found a staircase to the Lair.
 12622 | Lair:1   | Entered Level 1 of the Lair of Beasts
 12644 | Lair:1   | Reached skill level 12 in Axes
 12656 | Lair:1   | Reached skill level 10 in Fighting
 12656 | Lair:1   | Reached XP level 12. HP: 48/77 MP: 12/12
 12676 | Lair:1   | Slain by a blink frog

Skill      XL: |  1  2  3  4  5  6  7  8  9 10 11 |
---------------+----------------------------------+-----
Axes           | 3 4 5 6 8 9 10 12 | 12.2
Fighting       | 4 5 7 8 10 | 10.1
Dodging        | 2 3 4 5 6 7 |  7.9
Stealth        | 1 2 3 5 6 7 |  7.1
Armour         | |  2.2

Action                   |  1- 3 |  4- 6 |  7- 9 | 10-12 || total
-------------------------+-------+-------+-------+-------++-------
Melee: Hand axe          |   106 |   155 |   373 |   561 ||  1195
Invok: Berserk           |       |       |     7 |    12 ||    19
       Brothers in Arms  |       |       |       |     2 ||     2
  Use: Scroll            |       |       |    16 |     6 ||    22
       Potion            |       |       |       |     4 ||     4
 Stab: Sleeping          |     1 |     5 |     7 |    10 ||    23
       Distracted        |       |     1 |     1 |       ||     2
       Paralysed         |       |       |     1 |       ||     1
  Eat: Chunk             |     2 |     6 |    10 |    26 ||    44
       Ration            |       |       |     3 |       ||     3
Armor: Animal skin       |    40 |    52 |   121 |   246 ||   459
Dodge: Dodged            |    78 |   105 |   223 |   442 ||   848
